 Dungeon Crawl Stone Soup version 0.28.0-53-g5a82cb258f (webtiles) character file.

Game seed: 10880892748993515003

5 Ultimatedrag0 the Charlatan (level 1, -1/16 HPs)
             Began as a Draconian Artificer on June 16, 2022.
             Slain by a kobold
             ... wielding a +0 whip
              (3 damage)
             ... on level 1 of the Dungeon.
             The game lasted 00:01:46 (55 turns).

Ultimatedrag0 the Charlatan (Draconian Artificer)     Turns: 55, Time: 00:01:46

Health: -1/16      AC:  4    Str: 14    XL:     1   Next: 66%
Magic:  1/1        EV: 12    Int: 11    God:
Gold:   0          SH:  0    Dex: 11    Spells: 0/0 levels left

rFire   . . .      SeeInvis .   a - +0 club
rCold   . . .      Faith    .   (no shield)
rNeg    . . .      Spirit   .   (armour unavailable)
rPois   .          Reflect  .   (helmet restricted)
rElec   .          Harm     .   (no cloak)
rCorr   .          Rampage  .   (no gloves)
Will    .....                   (no boots)
Stlth   +.........              (no amulet)
HPRegen 0.05/turn               (no ring)
MPRegen 0.07/turn               (no ring)

@: no status effects
A: AC +4, unfitting armour, cold-blooded
a: no special abilities


You were on level 1 of the Dungeon.
You visited 1 branch of the dungeon, and saw 1 of its levels.

Inventory:

Hand Weapons
 a - a +0 club (weapon)
Wands
 b - a wand of flame (14) (quivered)
 c - a wand of charming (13)
Miscellaneous
 d - a piece from Xom's chessboard (14/15)


   Skills:
 + Level 1.1 Fighting
 + Level 2.1 Dodging
 + Level 0.8 Stealth
 + Level 3.4 Evocations


You couldn't memorise any spells.
You didn't know any spells.
Your spell library contained the following spells:

 Spells                   Type           Power      Damage    Failure   Level
 Summon Small Mammal      Summ           0%         N/A       34%         1
 Call Canine Familiar     Summ           0%         N/A       71%         3
 Summon Guardian Golem    Hex/Summ       0%         N/A       71%         3


Dungeon Overview and Level Annotations

Branches:
Dungeon (1/15)

Altars:


Innate Abilities, Weirdness & Mutations

Your plain brown scales are hard. (AC +4)
You cannot fit into any form of body armour.
You are cold-blooded and may be slowed by cold attacks.


Message History

The hobgoblin barely misses you.
Aiming: Charm
Press: ? - help, Q - select action, (/) - cycle Shift-Dir - straight line, f/p - hobgoblin
Aim: a hobgoblin (moderately wounded, chance to affect: 73%)
The hobgoblin is charmed.
The frilled lizard bites your hobgoblin but does no damage.
The kobold hits your hobgoblin with a +0 whip.
You make a move on Xom's chessboard...
The kobold seems to speed up.
The kobold misses your hobgoblin.
The frilled lizard misses your hobgoblin.
The kobold closely misses your hobgoblin.
The frilled lizard barely misses your hobgoblin.
The kobold closely misses your hobgoblin.
You swap places.
The kobold hits you but does no damage.
You swap places.
The kobold hits your hobgoblin but does no damage.
Your hobgoblin hits the kobold.
You don't know any spells.
The kobold hits your hobgoblin with a +0 whip.
Your hobgoblin dies!
You barely miss the kobold. The kobold closely misses you.
The kobold misses you.
You hit the kobold but do no damage.
The kobold hits you but does no damage. x2
You closely miss the kobold. The kobold hits you with a +0 whip.
* * * LOW HITPOINT WARNING * * *
The kobold hits you but does no damage.
You barely miss the kobold.
Your tail-slap misses the kobold.
The kobold closely misses you. The kobold barely misses you.
You closely miss the kobold.
Your tail-slap misses the kobold.
The kobold closely misses you. The kobold barely misses you.
You hit the kobold.
The kobold is moderately wounded.
The kobold closely misses you. The kobold misses you.
You closely miss the kobold.
The kobold is moderately wounded.
The kobold misses you. The kobold hits you but does no damage.
You closely miss the kobold.
The kobold is moderately wounded.
The kobold hits you with a +0 whip.
You die...

......................#
.......<.^........⌠...#
......................#
..⌠.........⌠........##
................⌠...##
.......⌠..........###
#.............##'##
###############..#
.......@KlK...†..#
##..#.#####.##†.## #
#∩.....8.. #...........
#............
#...∩..♣..♣..
#............
#........... #♣..8..∩..


You could see 2 kobolds and a frilled lizard.

Vanquished Creatures
  A ball python (D:1)
  A bat (D:1)
  An endoplasm (D:1)
  A kobold (D:1)
4 creatures vanquished.

Vanquished Creatures (others)
  A hobgoblin (D:1)
1 creature vanquished.

Grand Total: 5 creatures vanquished

Notes
Turn   | Place    | Note
-------+----------+-------------------------------------------
     0 | D:1      | Ultimatedrag0 the Draconian Artificer began the quest for
                  | the Orb.
     0 | D:1      | Reached XP level 1. HP: 16/16 MP: 1/1
    55 | D:1      | Slain by a kobold

Illustrated notes

Levels and vault maps discovered:
D:1:      dpeg_arrival_water_temple_mockup, layout_loops_ring,
          hellmonk_ecumenical_altar_arch_garden

Action                   || total
-------------------------++-------
Melee: Club              ||    25
Evoke: Wand              ||     3
       Piece from Xom's  ||     1
Armor: Skin              ||    14
Dodge: Dodged            ||    27
